 Dungeon Crawl Stone Soup version 0.30-a0-137-gd8773701ce (webtiles) character file.

Game seed: 16759990312365352596

666 tromp the Grave Robber (level 7, -2/45 (47) HPs)
             Began as a Vampire Necromancer on Sept 22, 2022.
             Was an Initiate of Yredelemnul.
             Slain by Duvessa
             ... wielding a +0 rapier
              (10 damage)
             ... on level 5 of the Dungeon.
             The game lasted 01:16:16 (4401 turns).

tromp the Grave Robber (Vampire Necromancer)        Turns: 4401, Time: 01:16:16

HP:   -2/45 (47)    AC:  2    Str:  7    XL:     7   Next: 31%
MP:   6/14          EV: 12    Int: 19    God:    Yredelemnul [......]
Gold: 192           SH:  0    Dex: 15    Spells: 8/16 levels left

rFire   + . .      SeeInvis +    r - staff of death
rCold   + . .      Faith    +    (no shield)
rNeg    + + .      Spirit   .    a - +0 robe
rPois   +          Reflect  .    (no helmet)
rElec   +          Harm     .    e - scarf {+Inv}
rCorr   +          Rampage  .    (no gloves)
Will    .....                    (no boots)
Stlth   ++........               f - amulet of faith
HPRegen 0.35/turn                u - ring of positive energy
MPRegen 0.14/turn                (no ring)

@: resistant, healing quickly, hasted, lightly drained, quick
A: alive, fangs 3, see invisible, vampiric 2
a: Exsanguinate, Renounce Religion, Evoke Invisibility, Recall Undead Harvest


You were on level 5 of the Dungeon.
You worshipped Yredelemnul.
Yredelemnul was noncommittal.
You visited 2 branches of the dungeon, and saw 6 of its levels.

You collected 192 gold pieces.

Inventory:

Hand Weapons
 m - a +2 whip of electrocution
Missiles
 p - 2 throwing nets
 s - 13 poisoned darts
Armour
 a - a +0 robe (worn)
 e - a scarf of invisibility (worn)
 k - a +2 cloak
Magical Staves
 r - a staff of death (weapon)
Jewellery
 f - an amulet of faith (around neck)
 g - an amulet of faith
 u - a ring of positive energy (left hand)
 v - an amulet of the acrobat
Scrolls
 d - a scroll of enchant armour
 h - a scroll of magic mapping
 w - a scroll of enchant weapon
Potions
 c - a potion of brilliance {unknown}
 o - 2 potions of cancellation {unknown}
 q - a potion of might {unknown}


   Skills:
 + Level 0.5 Fighting
 + Level 0.4(0.8) Maces & Flails
 + Level 1.0 Staves
 + Level 2.4 Dodging
 + Level 3.8 Stealth
 + Level 5.1 Spellcasting
 + Level 7.2 Necromancy


You had 8 spell levels left.
You knew the following spells:

 Your Spells              Type           Power      Damage    Failure   Level
a - Necrotise             Necr           100%       1d9       1%          1
b - Vampiric Draining     Necr           48%        2d9       1%          3
c - Animate Dead          Necr           48%        N/A       6%          4

Your spell library contained the following spells:

 Spells                   Type           Power      Damage    Failure   Level
 Shock                    Conj/Air       16%        1d4       12%         1
 Agony                    Necr           48%        N/A       17%         5
 Scorch                   Fire           8%         2d5       19%         2
 Swiftness                Air            4%         N/A       36%         3
 Airstrike                Air            2%         2d(1-17)  77%         4
 Flame Wave               Conj/Fire      4%         2d5       77%         4
 Summon Cactus Giant      Summ           2%         N/A       100%        6


Dungeon Overview and Level Annotations

Branches:
Dungeon (5/15)             Temple (1/1) D:5

Altars:
Dithmenos
Yredelemnul

Shops:
D:1 =

Annotations:
D:5 Blork the orc, Dowan, Duvessa


Innate Abilities, Weirdness & Mutations

Your natural rate of healing is accelerated.
You have razor-sharp teeth.
You have supernaturally acute eyesight. (SInv)
You are afflicted with vampirism and can become a bat while bloodless.


Message History

Press: ? - help, Q - select action, (/) - cycle Shift-Dir - straight line, f/p - Blork the orc
Aim: Blork the orc, wielding a +0 halberd and wearing a +0 robe (moderately wounded, fast, chance to affect: 83%)
You feel a surge of power!
Blork the orc writhes in agony!
Blork the orc barely misses you.
Aiming: Necrotise (safe; 1% risk of failure)
Press: ? - help, Q - select action, (/) - cycle Shift-Dir - straight line, f/p - Blork the orc
Aim: Blork the orc, wielding a +0 halberd and wearing a +0 robe (severely wounded, fast, chance to affect: 83%)
You feel a surge of power!
Blork the orc barely resists.
Blork the orc is no longer moving quickly.
Blork the orc hits you from afar with a +0 halberd!
Aiming: Necrotise (safe; 1% risk of failure)
Press: ? - help, Q - select action, (/) - cycle Shift-Dir - straight line, f/p - Blork the orc
Aim: Blork the orc, wielding a +0 halberd and wearing a +0 robe (severely wounded, chance to affect: 83%)
You feel a surge of power!
Blork the orc writhes in agony.
Blork the orc misses you.
Aiming: Necrotise (safe; 1% risk of failure)
Press: ? - help, Q - select action, (/) - cycle Shift-Dir - straight line, f/p - Blork the orc
Aim: Blork the orc, wielding a +0 halberd and wearing a +0 robe (severely wounded, chance to affect: 83%)
You feel a surge of power!
Duvessa writhes in agony.
Aiming: Necrotise (safe; 1% risk of failure)
Press: ? - help, Q - select action, (/) - cycle Shift-Dir - straight line, f/p - Blork the orc
Aim: Blork the orc, wielding a +0 halberd and wearing a +0 robe (severely wounded, chance to affect: 83%)
You feel a surge of power!
Duvessa writhes in agony!
Blork the orc hits you from afar with a +0 halberd!
* * * LOW HITPOINT WARNING * * *
Duvessa hits you with a +0 rapier.
* * * LOW HITPOINT WARNING * * *
You feel much better.
Blork the orc hits you from afar with a +0 halberd!!
Dowan, Brother of Duvessa comes into view.
He is wielding a +0 dagger.
Duvessa hits you with a +0 rapier!
* * * LOW HITPOINT WARNING * * *
Blork the orc casts a cantrip, but nothing happens.
Blork the orc screams, "Die!"
Blork the orc looks braver for a moment.
You enter the shallow water.
Moving in this stuff is going to be slow.
Duvessa attacks as you move away! Duvessa hits you with a +0 rapier!
You die...
Yredelemnul claims you as an undead slave.

#.# ##.#.# #.# .# #.#
#.#.# #.# # #.# #.#.###.#
####. #.# #....##.###....
#.# #..#....~~~..# #.#
#.###..~~§~~.# #.#
#.o#..~~~~§~~#.# #.#
#....#~§~>§§~#.# #.#
####....e@~~§~~~#.#
#.####.###.##..~~§~~.....
#...............~~§..#.##
######.#####.###.##.##.#
### ##.#..#..##.#
#.#.......# #########.#
#.# #.#


You could see Duvessa (resistant) and Blork the orc.

Vanquished Creatures
  A black bear (D:5)
  An ogre (D:4)
  A necrophage (D:5)
  A scorpion (D:5)
  3 hounds
  An orc priest (D:3)
  2 iguanas
  An orc wizard (D:3)
  3 gnolls (D:3)
  6 adders
  A worm (D:5)
  2 dart slugs (D:3)
  5 orcs
  5 ball pythons
  4 bats
  6 endoplasms
  A giant cockroach (D:1)
  7 goblins
  4 hobgoblins
  4 jackals (D:3)
  7 kobolds
  2 quokkas
  5 rats
73 creatures vanquished.

Vanquished Creatures (collateral kills)
  2 adders (D:2)
  2 dart slugs
  An orc (D:3)
  A giant cockroach (D:4)
  A goblin (D:3)
7 creatures vanquished.

Grand Total: 80 creatures vanquished

Notes
Turn   | Place    | Note
-------+----------+-------------------------------------------
     0 | D:1      | tromp the Vampire Necromancer began the quest for the Orb.
     0 | D:1      | Reached XP level 1. HP: 13/13 MP: 3/3
   428 | D:1      | Reached XP level 2. HP: 19/19 MP: 1/5
   630 | D:1      | Found Buateoxe's Jewellery Shoppe.
   722 | D:1      | Reached skill level 5 in Necromancy
  1087 | D:2      | Gained mutation: You are afflicted with vampirism and can
                  | become a bat while bloodless. [Vampire growth]
  1087 | D:2      | Reached XP level 3. HP: 24/24 MP: 3/6
  1091 | D:2      | Learned a level 3 spell: Vampiric Draining
  1683 | D:2      | Reached XP level 4. HP: 30/30 MP: 4/8
  2330 | D:3      | Reached XP level 5. HP: 32/35 MP: 0/10
  2543 | D:3      | Reached skill level 6 in Necromancy
  2699 | D:3      | Learned a level 4 spell: Animate Dead
  3087 | D:5      | Entered Level 5 of the Dungeon
  3144 | D:4      | Noticed an ogre
  3183 | D:4      | Killed an ogre
  3184 | D:4      | Reached XP level 6. HP: 41/41 MP: 4/12
  3706 | D:5      | Found a shadowy altar of Dithmenos.
  3733 | D:5      | Reached skill level 1 in Staves
  3738 | D:5      | Became a worshipper of Dithmenos the Shadowed
  3901 | D:5      | Reached skill level 5 in Spellcasting
  3901 | D:5      | Reached XP level 7. HP: 27/47 MP: 6/14
  3907 | D:5      | Reached skill level 7 in Necromancy
  3917 | D:5      | HP: 2/42 [scorpion (3)]
  4209 | D:5      | Found a staircase to the Ecumenical Temple.
  4233 | Temple   | Entered the Ecumenical Temple
  4253 | Temple   | Fell from the grace of Dithmenos
  4253 | Temple   | Became a worshipper of Yredelemnul the Dark
  4347 | D:5      | Noticed Blork the orc
  4348 | D:5      | Noticed Duvessa
  4394 | D:5      | Noticed Dowan
  4401 | D:5      | Slain by Duvessa

Illustrated notes

Levels and vault maps discovered:
D:1:      onia_arrival_pentagram, layout_basic, serial_shops,
          nicolae_shop_statue_plus
D:2:      layout_basic, chequers_jeans
D:3:      layout_basic
D:4:      layout_basic, serial_glass, glass_columns_c, glass_columns_c
D:5:      layout_loops_ring, nicolae_dithmenos_the_darkroom,
          minmay_temple_entry_mist, uniq_blork_the_orc, uniq_duvessa
Temple:   minmay_temple_curvy_loop

Skill      XL: |  1  2  3  4  5  6  7 |
---------------+----------------------+-----
Necromancy     | 5 6 7 |  7.2
Spellcasting   | 3 4 5 |  5.1
Staves         | 1 |  1.0
Fighting       | |  0.5
Maces & Flails | |  0.4
Dodging        | |  2.4
Stealth        | |  3.8

Action                   |  1- 3 |  4- 6 |  7- 9 || total
-------------------------+-------+-------+-------++-------
Melee: Unarmed           |     3 |       |       ||     3
       Punch             |     1 |       |       ||     1
       Dagger            |     7 |     5 |       ||    12
       Bite              |       |     4 |       ||     4
       Staff             |       |    24 |     8 ||    32
       Whip              |       |     9 |       ||     9
Throw: Throwing net      |       |     1 |       ||     1
 Cast: Necrotise         |    46 |    86 |    25 ||   157
       Vampiric Draining |       |     6 |       ||     6
       Animate Dead      |       |     1 |     1 ||     2
 Abil: Evoke Invisibilit |       |       |     1 ||     1
  Use: Potion            |     1 |     2 |     8 ||    11
       Scroll            |     3 |     3 |     1 ||     7
Armor: Robe              |     4 |     9 |     1 ||    14
Dodge: Dodged            |    11 |    34 |     8 ||    53

Table legend: (Time is in decaauts)
 A = Elapsed time spent in this place.
 B = Non-inter-level travel time spent in this place.
 C = Inter-level travel time spent in this place.
 D = Time resting spent in this place.
 E = Time spent auto-exploring this place.
 F = Levels seen in this place.
 G = Mean time per level.
                   A        B        C        D        E       F      G
               +--------+--------+--------+--------+--------+-----+--------+
         Total |   4380 |   4380 |      0 |    453 |    927 |   6 |  730.0 |
       Dungeon |   4342 |   4342 |      0 |    453 |    927 |   5 |  868.4 |
        Temple |     38 |     38 |      0 |      0 |      0 |   1 |   38.0 |
               +--------+--------+--------+--------+--------+-----+--------+

Top non-repeatable levels by time:
     D:2: 1137 daAuts
     D:1: 938 daAuts
     D:3: 897 daAuts
     D:4: 743 daAuts
     D:5: 625 daAuts
  Temple: 38 daAuts
